 Dungeon Crawl Stone Soup version 0.28.0-45-g0d030f2227 (webtiles) character file.

Game seed: 10194289805220023444

2 zeratav the Insei (level 1, 0/13 HPs)
             Began as an Octopode Transmuter on Apr 5, 2022.
             Slain by a kobold
             ... wielding a +0 club
              (4 damage)
             ... on level 1 of the Dungeon.
             The game lasted 00:00:33 (39 turns).

zeratav the Insei (Octopode Transmuter)               Turns: 39, Time: 00:00:33

Health: 0/13       AC:  1    Str:  9    XL:     1   Next: 40%
Magic:  2/3        EV: 13    Int: 15    God:
Gold:   0          SH:  0    Dex: 12    Spells: 3/4 levels left

rFire   . . .      SeeInvis .     - Unarmed
rCold   . . .      Faith    .   (no shield)
rNeg    . . .      Spirit   .   (helmet currently unavailable)
rPois   .          Reflect  .   (no amulet)
rElec   .          Harm     .   (no ring)
rCorr   .          Rampage  .   (no ring)
Will    .....                   (no ring)
Stlth   ++........              (no ring)
HPRegen 0.04/turn               (no ring)
MPRegen 0.08/turn               (no ring)
                                (no ring)
                                (no ring)

@: appendages (expiring)
A: tentacle spike 3, almost no armour, amphibious, 8 rings, camouflage 1,
gelatinous body 1, (nimble swimmer 1), tentacles
a: End Transformation


You were on level 1 of the Dungeon.
One of your tentacles had grown a beastly spike.
You visited 1 branch of the dungeon, and saw 1 of its levels.

Inventory:

Potions
 a - a potion of invisibility {unknown}


   Skills:
 * Level 1.1 Fighting
 * Level 2.0 Dodging
 * Level 3.0 Unarmed Combat
 - Level 2.0 Spellcasting
 + Level 2.0 Transmutations
 + Level 0.1 Ice Magic


You had 3 spell levels left.
You knew the following spells:

 Your Spells              Type           Power      Damage    Failure   Level
a - Beastly Appendage     Tmut           14%        N/A       10%         1

Your spell library contained the following spells:

 Spells                   Type           Power      Damage    Failure   Level
 Wereblood                Tmut           7%         N/A       14%         2
 Spider Form              Tmut/Pois      4%         N/A       41%         3
 Ice Form                 Ice/Tmut       4%         N/A       82%         4


Dungeon Overview and Level Annotations

Branches:
Dungeon (1/15)

Altars:


Innate Abilities, Weirdness & Mutations

One of your tentacles has grown a beastly spike.
You cannot wear most types of armour.
You are amphibious.
You can wear up to eight rings at the same time.
Your skin changes colour to match your surroundings (Stealth+).
Your rubbery body absorbs attacks. (AC +1, EV +1)
((You are camouflaged when in or above water. (Stealth+)))
You have tentacles for arms and can constrict up to eight enemies at once.


Message History

A kobold comes into view. It is wielding a +0 club.
The goblin misses you.
A quokka comes into view.
You barely miss the goblin.
The kobold shouts!
You grab the goblin.
You pierce the goblin.
The goblin is severely wounded.
You constrict the goblin. The goblin hits you with a +0 dagger.
You tentacle-slap the goblin.
You kill the goblin!
Your transformation is almost over.
The kobold throws a stone.
The stone barely misses you. The quokka bites you.
You tentacle-slap the quokka. You grab the quokka.
Your tentacle spike misses the quokka.
The quokka is heavily wounded.
You constrict the quokka.
A kobold comes into view. It is wielding a +0 whip.
The quokka barely misses you.
The kobold shouts!
You tentacle-slap the quokka but do no damage.
The quokka is severely wounded.
You constrict the quokka, but do no damage.
The quokka misses you.
You tentacle-slap the quokka.
You pierce the quokka, but do no damage.
The quokka is almost dead.
You constrict the quokka.
You kill the quokka!
The kobold hits you with a +0 club.
The kobold throws a stone.
The stone closely misses you.
You are too injured to fight recklessly!
You are too injured to fight recklessly!
You are too injured to fight recklessly!
You are too injured to fight recklessly!
You are too injured to fight recklessly!
You are too injured to fight recklessly!
You are too injured to fight recklessly!
You miss the kobold. You grab the kobold. You constrict the kobold.
The kobold hits you with a +0 club.
You die...

#............##
................ ......
................ K.....
.......<........# ......
......>.........##......
........................
.....................#
#............##......#
#............##.@K...#
......##.............#.
......##........).......
..................#.##..
..............###.#.# .
###..########.# .# # ...
#... .# ###+ #......
##......


You could see 2 kobolds.

Vanquished Creatures
  A goblin (D:1)
  A quokka (D:1)
2 creatures vanquished.

Notes
Turn   | Place    | Note
-------+----------+-------------------------------------------
     0 | D:1      | zeratav the Octopode Transmuter began the quest for the
                  | Orb.
     0 | D:1      | Reached XP level 1. HP: 13/13 MP: 3/3
    39 | D:1      | Slain by a kobold

Illustrated notes

Levels and vault maps discovered:
D:1:      dpeg_arrival_stonehenge_8_columns, layout_basic,
          basic_ecumenical_altar, hangedman_glass_garden, glass_columns_b,
          minmay_tetromino_i2

Action                   || total
-------------------------++-------
Melee: Unarmed           ||     6
       Constrict         ||     3
       Kick              ||     2
 Cast: Beastly Appendage ||     2
Dodge: Dodged            ||     5
